NWL (28 & UNDER)
RIVERSIDE RED BULLS @ RED DEER WRANGLERS
07/16/2028
 
TOP OF THE 1ST
Riverside Red Bulls batting - Pitching for Red Deer Wranglers : RHP José Ramos
Pitching: RHP José Ramos
Batting: SHB Enrique Uribe 0-0: Ball
1-0: Ball
2-0: Ball
3-0: Called Strike
3-1: Base on Balls
Batting: RHB Glenn Broadwater 0-0: Ball
1-0: Grounds into double play, 1-6-3 (Groundball, P)
Batting: RHB Luis Bustamante 0-0: Ball
1-0: Called Strike
1-1: Fly out, F7 (Line Drive, 7)
Top of the 1st over - 0 run(s), 0 hit(s), 0 error(s), 0 left on base; Riverside 0 - Red Deer 0
BOTTOM OF THE 1ST
Red Deer Wranglers batting - Pitching for Riverside Red Bulls : LHP Curt Bennett
Pitching: LHP Curt Bennett
Batting: RHB Xavier López 0-0: Called Strike
0-1: Called Strike
0-2: Ball
1-2: Strikes out swinging
Batting: RHB Allen Brown 0-0: Called Strike
0-1: Foul Ball, location: 2F
0-2: Fly out, F9 (Flyball, 9S)
Batting: LHB Andrew Veeck 0-0: Ball
1-0: Swinging Strike
1-1: Swinging Strike
1-2: Foul Ball, location: 2F
1-2: Foul Ball, location: 2F
1-2: Ball
2-2: Foul Ball, location: 2F
2-2: Fly out, F7 (Flyball, 7D)
Bottom of the 1st over - 0 run(s), 0 hit(s), 0 error(s), 0 left on base; Riverside 0 - Red Deer 0
TOP OF THE 2ND
Riverside Red Bulls batting - Pitching for Red Deer Wranglers : RHP José Ramos
Batting: SHB Richard Griffin 0-0: Ball
1-0: Ball
2-0: Ball
3-0: Called Strike
3-1: Base on Balls
Batting: RHB Patrick Daniels 0-0: Called Strike
0-1: Ball
1-1: Fly out, F8 (Flyball, 8RM)
Batting: RHB Fernando Bórquez 0-0: Fly out, F7 (Flyball, 7LM)
Batting: RHB Adam Davis 0-0: Called Strike
0-1: Foul Ball, location: 2F
0-2: Strikes out looking
Top of the 2nd over - 0 run(s), 0 hit(s), 0 error(s), 1 left on base; Riverside 0 - Red Deer 0
BOTTOM OF THE 2ND
Red Deer Wranglers batting - Pitching for Riverside Red Bulls : LHP Curt Bennett
Batting: LHB Fred Abrams 0-0: Swinging Strike
0-1: Foul Ball, location: 2F
0-2: Ground out 1-3 (Groundball, 13)
Batting: RHB Luis Ibarra 0-0: Ball
1-0: Swinging Strike
1-1: Ball
2-1: Called Strike
2-2: Ground out 4-3 (Groundball, 4)
Batting: RHB Ricardo González 0-0: Ground out 4-3 (Groundball, 4)
Bottom of the 2nd over - 0 run(s), 0 hit(s), 0 error(s), 0 left on base; Riverside 0 - Red Deer 0
TOP OF THE 3RD
Riverside Red Bulls batting - Pitching for Red Deer Wranglers : RHP José Ramos
Batting: RHB Robert Stevens 0-0: Called Strike
0-1: Swinging Strike
0-2: Ball
1-2: Ball
2-2: Strikes out looking
Batting: RHB Lakota O'Reilly 0-0: Swinging Strike
0-1: Ball
1-1: Ground out 6-3 (Groundball, 6)
Batting: SHB Enrique Uribe 0-0: Called Strike
0-1: Ball
1-1: SINGLE (Flyball, 8LS)
Batting: RHB Glenn Broadwater 0-0: Ball
1-0: Called Strike
1-1: Ball
2-1: DOUBLE (Line Drive, 78D)
Enrique Uribe to third
Batting: RHB Luis Bustamante 0-0: Foul Ball, location: 2F
0-1: Foul Ball, location: 2F
0-2: Strikes out swinging
Top of the 3rd over - 0 run(s), 2 hit(s), 0 error(s), 2 left on base; Riverside 0 - Red Deer 0
BOTTOM OF THE 3RD
Red Deer Wranglers batting - Pitching for Riverside Red Bulls : LHP Curt Bennett
Batting: RHB Ben Fisher 0-0: Fly out, F8 (Flyball, 8LM)
Batting: RHB Art Cameron 0-0: Called Strike
0-1: Called Strike
0-2: Strikes out looking
Batting: RHB Steve Burton 0-0: Called Strike
0-1: Ball
1-1: Ball
2-1: Foul Ball, location: 2F
2-2: Ball
3-2: Fly out, F3 (Line Drive, 3L)
Bottom of the 3rd over - 0 run(s), 0 hit(s), 0 error(s), 0 left on base; Riverside 0 - Red Deer 0
TOP OF THE 4TH
Riverside Red Bulls batting - Pitching for Red Deer Wranglers : RHP José Ramos
Batting: SHB Richard Griffin 0-0: Called Strike
0-1: Ground out 6-3 (Groundball, 6)
Batting: RHB Patrick Daniels 0-0: Ball
1-0: Ball
2-0: Ball
3-0: Base on Balls
Batting: RHB Fernando Bórquez 0-0: Ball
1-0: Ball
2-0: Called Strike
2-1: Fly out, F5 (Popup, 56S)
Batting: RHB Adam Davis 0-0: Called Strike
0-1: Foul Ball, location: 2F
0-2: Strikes out swinging
Top of the 4th over - 0 run(s), 0 hit(s), 0 error(s), 1 left on base; Riverside 0 - Red Deer 0
BOTTOM OF THE 4TH
Red Deer Wranglers batting - Pitching for Riverside Red Bulls : LHP Curt Bennett
Batting: RHB Xavier López 0-0: Foul Ball, location: 2F
0-1: Ball
1-1: Ball
2-1: Swinging Strike
2-2: Fly out, F7 (Flyball, 7S)
Batting: RHB Allen Brown 0-0: Foul Ball, location: 2F
0-1: Ball
1-1: Ball
2-1: Ball
3-1: Base on Balls
Batting: LHB Andrew Veeck 0-0: Called Strike
0-1: Ball
1-1: Swinging Strike
1-2: Ball
2-2: DOUBLE (Flyball, 89XD)
Allen Brown to third
Batting: LHB Fred Abrams 0-0: Called Strike
0-1: Foul Ball, location: 2F
0-2: Fly out, F8 (Flyball, 8RS)
Runner from 3rd tags up, SCORES, no throw
Batting: RHB Luis Ibarra 0-0: Ball
1-0: Called Strike
1-1: Ball
2-1: Foul Ball, location: 2F
2-2: Ball
3-2: Base on Balls
Batting: RHB Ricardo González 0-0: Ball
1-0: Foul Ball, location: 2F
1-1: Ball
2-1: Foul Ball, location: 2F
2-2: Strikes out swinging
Bottom of the 4th over - 1 run(s), 1 hit(s), 0 error(s), 2 left on base; Riverside 0 - Red Deer 1
TOP OF THE 5TH
Riverside Red Bulls batting - Pitching for Red Deer Wranglers : RHP José Ramos
Batting: RHB Robert Stevens 0-0: Ball
1-0: Foul Ball, location: 2F
1-1: DOUBLE (Line Drive, 7LM)
Batting: RHB Lakota O'Reilly 0-0: Ball
1-0: Ball
2-0: Swinging Strike
2-1: Foul Ball, location: 2F
2-2: Strikes out swinging
Batting: SHB Enrique Uribe 0-0: Ball
1-0: Fly out, F8 (Line Drive, 8RM)
Batting: RHB Glenn Broadwater 0-0: Called Strike
0-1: Ball
1-1: Fly out, F4 (Popup, 4S)
Top of the 5th over - 0 run(s), 1 hit(s), 0 error(s), 1 left on base; Riverside 0 - Red Deer 1
BOTTOM OF THE 5TH
Red Deer Wranglers batting - Pitching for Riverside Red Bulls : LHP Curt Bennett
Batting: RHB Ben Fisher 0-0: Swinging Strike
0-1: Foul Ball, location: 2F
0-2: Foul Ball, location: 2F
0-2: Foul Ball, location: 2F
0-2: Fly out, F9 (Flyball, 9LSF)
Batting: RHB Art Cameron 0-0: Called Strike
0-1: Fly out, F8 (Flyball, 89D)
Batting: RHB Steve Burton 0-0: Ball
1-0: Ball
2-0: Swinging Strike
2-1: Foul Ball, location: 2F
2-2: Foul Ball, location: 2F
2-2: Strikes out swinging
Bottom of the 5th over - 0 run(s), 0 hit(s), 0 error(s), 0 left on base; Riverside 0 - Red Deer 1
TOP OF THE 6TH
Riverside Red Bulls batting - Pitching for Red Deer Wranglers : RHP José Ramos
Batting: RHB Luis Bustamante 0-0: Fly out, F9 (Flyball, 9LS)
Batting: SHB Richard Griffin 0-0: Called Strike
0-1: Ball
1-1: Ball
2-1: Fly out, F6 (Flyball, 6MD)
Batting: RHB Patrick Daniels 0-0: Called Strike
0-1: Ball
1-1: Ball
2-1: Foul Ball, location: 2F
2-2: Ball
3-2: Foul Ball, location: 2F
3-2: Strikes out looking
Top of the 6th over - 0 run(s), 0 hit(s), 0 error(s), 0 left on base; Riverside 0 - Red Deer 1
BOTTOM OF THE 6TH
Red Deer Wranglers batting - Pitching for Riverside Red Bulls : LHP Curt Bennett
Batting: RHB Xavier López 0-0: Ground out 6-3 (Groundball, 6)
Batting: RHB Allen Brown 0-0: Called Strike
0-1: Ball
1-1: Fly out, F8 (Flyball, 8LD)
Batting: LHB Andrew Veeck 0-0: Ground out U3 (Groundball, 3)
Bottom of the 6th over - 0 run(s), 0 hit(s), 0 error(s), 0 left on base; Riverside 0 - Red Deer 1
TOP OF THE 7TH
Riverside Red Bulls batting - Pitching for Red Deer Wranglers : RHP José Ramos
Batting: RHB Fernando Bórquez 0-0: Swinging Strike
0-1: Ball
1-1: Ball
2-1: Foul Ball, location: 2F
2-2: Fly out, F9 (Flyball, 9S)
Batting: RHB Adam Davis 0-0: Swinging Strike
0-1: Ball
1-1: Called Strike
1-2: Ball
2-2: Strikes out looking
Batting: RHB Robert Stevens 0-0: Ball
1-0: Called Strike
1-1: SINGLE (Line Drive, 78S)
Pinch Hitting: LHB William Wolf 0-0: Called Strike
0-1: Ball
1-1: Foul Ball, location: 2F
1-2: Ball
2-2: Fly out, F7 (Flyball, 78M)
Top of the 7th over - 0 run(s), 1 hit(s), 0 error(s), 1 left on base; Riverside 0 - Red Deer 1
BOTTOM OF THE 7TH
Red Deer Wranglers batting - Pitching for Riverside Red Bulls : LHP Curt Bennett
Pitching: RHP Gustavo Castillo
Now at SS: Luis Flores
Batting: LHB Fred Abrams 0-0: Ball
1-0: Ball
2-0: Ball
3-0: Base on Balls
Batting: RHB Luis Ibarra Pickoff Throw to First - Out!
0-0: Swinging Strike
0-1: Ball
1-1: Foul Ball, location: 2F
1-2: Ball
2-2: Ball
3-2: Foul Ball, location: 2F
3-2: Base on Balls
Batting: RHB Ricardo González 0-0: Called Strike
0-1: Called Strike
0-2: Strikes out swinging
Batting: RHB Ben Fisher 0-0: Ball
1-0: Ball
2-0: Called Strike
2-1: Foul Ball, location: 2F
2-2: Ball
3-2: Foul Ball, location: 2F
3-2: SINGLE (Groundball, 15S) (infield hit)
Luis Ibarra to second
Pinch Hitting: LHB Héctor Santos 0-0: Ball
1-0: Ball
2-0: Ball
3-0: Called Strike
3-1: Foul Ball, location: 2F
3-2: Base on Balls
Luis Ibarra to third
Ben Fisher to second
Batting: RHB Steve Burton 0-0: Fly out, F8 (Flyball, 8RS)
Bottom of the 7th over - 0 run(s), 1 hit(s), 0 error(s), 3 left on base; Riverside 0 - Red Deer 1
TOP OF THE 8TH
Riverside Red Bulls batting - Pitching for Red Deer Wranglers : RHP José Ramos
Pitching: RHP Daniel De Jesús
Now at 1B: Héctor Santos
Batting: SHB Enrique Uribe 0-0: Ground out 4-3 (Groundball, 34)
Batting: RHB Glenn Broadwater 0-0: Ball
1-0: Ball
2-0: Foul Ball, location: 2F
2-1: DOUBLE (Line Drive, 9D)
Batting: RHB Luis Bustamante 0-0: Foul Ball, location: 2F
0-1: Called Strike
0-2: Ball
1-2: Ball
2-2: Strikes out swinging
Batting: SHB Richard Griffin 0-0: Called Strike
0-1: Foul Ball, location: 2F
0-2: Ball
1-2: DOUBLE (Groundball, 5L)
Glenn Broadwater scores
Batting: RHB Patrick Daniels 0-0: Ball
1-0: Swinging Strike
1-1: Ball
2-1: Ball
3-1: Base on Balls
Batting: RHB Fernando Bórquez 0-0: Ball
1-0: Ball
2-0: Called Strike
2-1: Ground out 6-3 (Groundball, 6)
Top of the 8th over - 1 run(s), 2 hit(s), 0 error(s), 2 left on base; Riverside 1 - Red Deer 1
BOTTOM OF THE 8TH
Red Deer Wranglers batting - Pitching for Riverside Red Bulls : RHP Gustavo Castillo
Batting: RHB Xavier López 0-0: Called Strike
0-1: SOLO HOME RUN (Flyball, 7D), Distance : 353 ft
Batting: RHB Allen Brown 0-0: Ball
1-0: Ball
2-0: Ground out 6-3 (Groundball, 56)
Batting: LHB Andrew Veeck 0-0: Called Strike
0-1: Ball
1-1: SINGLE (Line Drive, 4MD)
Batting: LHB Fred Abrams 0-0: Ball
1-0: Foul Ball, location: 2F
1-1: Ball
2-1: Swinging Strike
2-2: Strikes out swinging
Batting: RHB Luis Ibarra 0-0: Ball
1-0: Called Strike
1-1: Foul Ball, location: 2F
1-2: Ball
Andrew Veeck steals 2nd base
2-2: Ball
3-2: Base on Balls
Batting: RHB Ricardo González 0-0: Foul Ball, location: 2F
0-1: Called Strike
0-2: Ball
1-2: Ball
2-2: Fly out, F9 (Flyball, 9S)
Bottom of the 8th over - 1 run(s), 2 hit(s), 0 error(s), 2 left on base; Riverside 1 - Red Deer 2
TOP OF THE 9TH
Riverside Red Bulls batting - Pitching for Red Deer Wranglers : RHP Daniel De Jesús
Pitching: RHP Raúl Zumaya
Pinch Hitting: RHB Donovan James 0-0: Foul Ball, location: 2F
0-1: Swinging Strike
0-2: Strikes out swinging
Batting: RHB Robert Stevens 0-0: Ball
1-0: Swinging Strike
1-1: Foul Ball, location: 2F
1-2: Ball
2-2: Strikes out swinging
Batting: RHB Luis Flores 0-0: Foul Ball, location: 2F
0-1: Foul Ball, location: 2F
0-2: Ground out 1-3 (Groundball, 13S)
Top of the 9th over - 0 run(s), 0 hit(s), 0 error(s), 0 left on base; Riverside 1 - Red Deer 2
Tuesday, August 8th, 2017 - OOTP Baseball 17.12 Build 75